Map: Year Zero LE

Players

RedDragon - Winner!

  • Race: Terran Terran
  • Spawn Location: 11:00

VOD

Have the link to the VOD?

Description

Time

  • Played on: March 12, 2019, 9:10 p.m.
  • Length: 11:26
Show
View Real Time Build Order
Export as new Build Order

RedDragon Terran - Winner!

Build Orders:  

Get SALT Encoding   

  12  0:01  SCV  
  13  0:19  SCV  
  14  0:27  Supply Depot  
  14  0:36  SCV  
  15  0:57  SCV  
  15  0:59  Barracks  
  16  1:14  SCV  
  17  1:31  SCV  
  18  1:48  SCV  
  19  2:07  Orbital Command  
  19  2:16  Refinery  
  19  2:22  Marine  
  20  2:45  SCV, Command Center  
  21  2:51  Supply Depot  
  21  2:55  Marine  
  22  3:07  Barracks  
  22  3:09  SCV  
  23  3:26  SCV  
  23  3:28  Barracks Reactor  
  24  3:44  SCV  
  24  3:48  Refinery  
  25  4:10  SCV  
  26  4:22  Barracks Tech Lab  
  26  4:23  Marine  
  26  4:24  Marine  
  26  4:28  SCV  
  29  4:39  Factory  
  29  4:44  Orbital Command  
  29  4:45  SCV  
  29  4:48  Marine  
  29  4:49  Marine x2  
  33  5:01  Stimpack, SCV  
  34  5:11  Barracks  
  34  5:13  Marine  
  34  5:15  Marauder  
  34  5:18  SCV  
  38  5:26  SCV  
  39  5:35  SCV  
  40  5:43  SCV  
  41  5:50  Marine  
  41  5:51  Marine x2  
  41  5:52  SCV  
  41  5:55  Factory Reactor  
  45  6:14  SCV  
  45  6:17  Starport  
  46  6:36  Supply Depot  
  46  6:39  Supply Depot, Barracks Reactor  
  46  7:00  Supply Depot  
  46  7:06  Marauder, SCV x2, Marine x2  
  52  7:23  Command Center  
  52  7:27  Medivac x2  
  52  7:28  Supply Depot  
  56  7:30  Marine  
  56  7:31  Marine x3, Supply Depot  
  56  7:36  Marine  
  56  7:39  Supply Depot  
  61  7:53  SCV  
  61  7:54  SCV  
  61  7:55  Marine, Refinery  
  61  7:56  Marine  
  65  8:00  Marine x2  
  65  8:01  Marine, Refinery  
  65  8:05  Supply Depot  
  65  8:08  Unknown  
  68  8:10  SCV  
  68  8:15  Medivac  
  68  8:17  SCV  
  72  8:20  Marine  
  73  8:30  Marine x2  
  73  8:31  Marine  
  73  8:32  Marauder  
  73  8:39  SCV  
  79  8:41  Supply Depot  
  79  8:47  Medivac  
  81  8:50  SCV  
  81  8:56  SCV  
  81  8:59  Marine  
  84  9:00  Marine  
  84  9:04  Medivac  
  87  9:26  Marine  
  87  9:27  Marine  
  87  9:28  Marine x2, Marauder  
  93  9:47  Medivac  
  95  9:51  Marine  
  95  9:52  Marine x2  
  95  9:53  Marine  
  95  9:58  Marine  
  99  10:16  Marine  
  99  10:17  Marine x2  
  99  10:18  Marine  
  103  10:23  Marine  
  96  10:41  Marine x2  
  96  10:42  Widow Mine, Marine  
  96  10:43  Marine  
  96  10:48  Marauder  
Tags
 
Add a new tag
Caveats
  • Supply blocks, unpowered buildings, or Contaminate may cause inaccurate times.
  • Supply counts are checked every 10 seconds.